 Dungeon Crawl Stone Soup version 0.29-a0-284-gf9362112df (webtiles) character file.

Game seed: 5660158133007058202

80 n8rtot the Chiller (level 4, 0/30 HPs)
             Began as a Human Ice Elementalist on Mar 24, 2022.
             Killed from afar by a dart slug (3 damage)
             ... with a slug dart
             ... on level 3 of the Dungeon.
             The game lasted 00:09:02 (2707 turns).

n8rtot the Chiller (Human Ice Elementalist)         Turns: 2707, Time: 00:09:02

Health: 0/30       AC:  5    Str:  8    XL:     4   Next: 65%
Magic:  3/8        EV: 12    Int: 18    God:
Gold:   9          SH:  0    Dex: 13    Spells: 7/8 levels left

rFire   . . .      SeeInvis .   (no weapon)
rCold   . . .      Faith    .   (no shield)
rNeg    . . .      Spirit   .   a - +0 robe
rPois   .          Reflect  .   e - +2 helmet
rElec   .          Harm     .   (no cloak)
rCorr   .          Rampage  .   (no gloves)
Will    .....                   (no boots)
Stlth   ++........              (no amulet)
HPRegen 0.10/turn               (no ring)
MPRegen 0.11/turn               (no ring)

@: no status effects
A: no striking features
a: no special abilities


You were on level 3 of the Dungeon.
You visited 1 branch of the dungeon, and saw 3 of its levels.

You collected 158 gold pieces.
You spent 149 gold pieces at shops.

Inventory:

Missiles
 o - 36 stones
Armour
 a - a +0 robe (worn)
 e - a +2 helmet (worn)
Jewellery
 g - a ring of protection from fire
 k - an amulet of the acrobat
Scrolls
 c - 3 scrolls of torment
 f - a scroll of holy word
 h - 3 scrolls of identify
 j - a scroll of fear
 l - a scroll of immolation
 p - a scroll of magic mapping
 q - 2 scrolls of enchant weapon {unknown}
Potions
 b - a potion of magic
 d - 2 potions of heal wounds
 m - a potion of resistance
 n - a potion of mutation


   Skills:
 + Level 2.6 Dodging
 + Level 2.3 Stealth
 + Level 0.1 Unarmed Combat
 + Level 2.8 Spellcasting
 + Level 4.7 Ice Magic


You had 7 spell levels left.
You knew the following spells:

 Your Spells              Type           Power      Damage    Failure   Level
a - Freeze                Ice            76%        1d9       2%          1

Your spell library contained the following spells:

 Spells                   Type           Power      Damage    Failure   Level
 Frozen Ramparts          Ice            38%        1d5       7%          3
 Ozocubu's Armour         Ice            19%        N/A       7%          3
 Hailstorm                Conj/Ice       11%        3d5       52%         4
 Ozocubu's Refrigeration  Ice            9%         4d6       100%        7


Dungeon Overview and Level Annotations

Branches:
Dungeon (3/15)

Altars:

Shops:
D:2 [   D:3 ?


Message History

The orc wizard hits you with a +0 dagger.
* * * LOW HITPOINT WARNING * * *
A rat comes into view.
Casting: Freeze (safe; 2% risk of failure)
Confirm with . or Enter, or press ? or * to list all spells.
Aiming: Freeze (safe; 2% risk of failure)
Press: ? - help, Shift-Dir - straight line, f/p - orc wizard
Aim: an orc wizard, wielding a +0 dagger and wearing a +0 robe (lightly wounded)
You freeze the orc wizard.
The orc wizard is moderately wounded.
The orc wizard casts a spell at you. The puff of flame hits you!
* * * LOW HITPOINT WARNING * * *
Casting: Freeze (safe; 2% risk of failure)
Confirm with . or Enter, or press ? or * to list all spells.
Aiming: Freeze (safe; 2% risk of failure)
Press: ? - help, Shift-Dir - straight line, f/p - orc wizard
Aim: an orc wizard, wielding a +0 dagger and wearing a +0 robe (moderately wounded)
You freeze the orc wizard!
The orc wizard is severely wounded.
The orc wizard closely misses you.
As you read the scroll of teleportation, it crumbles to dust.
You feel strangely unstable.
The orc wizard gestures wildly while chanting.
The orc wizard flickers and vanishes!
Deactivating autopickup; reactivate with Ctrl-A.
Something hits you.
* * * LOW HITPOINT WARNING * * *
Your surroundings suddenly seem different.
A dart slug comes into view.
Found a stone staircase leading up.
A dart slug comes into view.
A bat comes into view.
Found a stone staircase leading up.
A goblin comes into view. It is wielding a +0 dagger.
The goblin moves out of view.
Found 15 gold pieces.
The dart slug launches a dart at you. The slug dart hits you.
You die...

.######........
...<...........# ..
...............#..#
.######........#..
g.....g..........
.######.w##.##.# #
.######.#.#.#.##.###.
.........#...........
#######......@..$....
#..........####
############


You could see a dart slug and a goblin (wandering).

Vanquished Creatures
  3 adders
  2 worms (D:2)
  A dart slug (D:1)
  2 orcs (D:3)
  3 ball pythons
  3 endoplasms
  3 giant cockroaches
  3 goblins
  7 hobgoblins
  A quokka (D:1)
  6 bats
  2 frilled lizards
  A kobold (D:2)
  5 rats
42 creatures vanquished.

Vanquished Creatures (others)
  A fungus (D:1)
  A plant (D:1)
2 creatures vanquished.

Grand Total: 44 creatures vanquished

Notes
Turn   | Place    | Note
-------+----------+-------------------------------------------
     0 | D:1      | n8rtot the Human Ice Elementalist began the quest for the
                  | Orb.
     0 | D:1      | Reached XP level 1. HP: 13/13 MP: 3/3
   287 | D:1      | Reached XP level 2. HP: 19/19 MP: 3/5
   355 | D:1      | Found a faded altar of an unknown god.
   846 | D:1      | Reached XP level 3. HP: 24/24 MP: 4/6
  1405 | D:2      | Found Efen's Armour Shoppe.
  2057 | D:2      | Reached XP level 4. HP: 26/30 MP: 6/8
  2565 | D:3      | Found Astroc's Magic Scroll Boutique.
  2575 | D:3      | Bought a scroll of identify for 26 gold pieces
  2575 | D:3      | Bought a scroll of magic mapping for 45 gold pieces
  2575 | D:3      | Bought a scroll of identify for 26 gold pieces
  2575 | D:3      | Bought a scroll of identify for 26 gold pieces
  2575 | D:3      | Bought a scroll of identify for 26 gold pieces
  2683 | D:3      | HP: 1/30 [something (2)]
  2707 | D:3      | Killed from afar by a dart slug

Illustrated notes

Levels and vault maps discovered:
D:1:      dpeg_arrival_round_b, layout_loops_corners,
          shapermc_ecumenical_altar_acropolis, grunt_decor_resistance
D:2:      layout_loops_corners, serial_shops, shop
D:3:      layout_loops_ring, serial_shops, shop

Action                   |  1- 3 |  4- 6 || total
-------------------------+-------+-------++-------
Melee: Unarmed           |    14 |       ||    14
       Punch             |     1 |       ||     1
 Cast: Freeze            |    50 |    24 ||    74
  Use: Scroll            |       |     9 ||     9
Armor: Robe              |    12 |     8 ||    20
Dodge: Dodged            |    34 |    10 ||    44

Table legend: (Time is in decaauts)
 A = Elapsed time spent in this place.
 B = Non-inter-level travel time spent in this place.
 C = Inter-level travel time spent in this place.
 D = Time resting spent in this place.
 E = Time spent auto-exploring this place.
 F = Levels seen in this place.
 G = Mean time per level.
                   A        B        C        D        E       F      G
               +--------+--------+--------+--------+--------+-----+--------+
         Total |   2707 |   2707 |      0 |     74 |   2184 |   3 |  902.3 |
       Dungeon |   2707 |   2707 |      0 |     74 |   2184 |   3 |  902.3 |
               +--------+--------+--------+--------+--------+-----+--------+

Top non-repeatable levels by time:
     D:1: 1369 daAuts
     D:2: 1153 daAuts
     D:3: 184 daAuts
